 Dungeon Crawl Stone Soup version 0.23.1 (webtiles) character file.

Game seed: 8654125787228497531

131 Kairos the Sneak (level 5, 0/26 HPs)
             Began as a Vine Stalker Assassin on Mar 10, 2019.
             Was a Follower of Uskayaw.
             Succumbed to a scorpion's poison
             ... on level 4 of the Dungeon.
             The game lasted 00:04:02 (2643 turns).

Kairos the Sneak (Vine Stalker Assassin)            Turns: 2643, Time: 00:04:03

Health: 0/26       AC:  5    Str: 14    XL:     5   Next: 14%
Magic:  0/6        EV: 12    Int: 13    God:    Uskayaw [*.....]
Gold:   85         SH:  0    Dex: 16    Spells: 4/4 levels left

rFire    . . .     SeeInvis .   a - +3 dagger
rCold    . . .     Gourm    .   (no shield)
rNeg     . . .     Faith    .   c - +0 robe
rPois    .         Spirit   +   (no helmet)
rElec    +         Reflect  .   d - +0 cloak
rCorr    .         Harm     .   (no gloves)
MR       +....     Clarity  +   u - +0 pair of boots
Stlth    +++.......             (no amulet)
HPRegen  0.48/turn              k - +2 ring of intelligence
MPRegen  0.10/turn              n - ring of protection from magic

@: lethally poisoned (0 -> -5), flying
A: fangs 2, clarity, regeneration 1, shaggy fur 1, electricity resistance, magic
shield, antimagic bite, no potion heal 3, rot immunity
a: Stomp, Renounce Religion


You were on level 4 of the Dungeon.
You worshipped Uskayaw.
Uskayaw was noncommittal.
You were not hungry.

You visited 1 branch of the dungeon, and saw 4 of its levels.

You collected 85 gold pieces.

Inventory:

Hand Weapons
 a - a +3 dagger (weapon)
 b - a +0 blowgun
 y - a +2 falchion of holy wrath
Missiles
 e - 45 poisoned needles
 f - 2 curare-tipped needles
Armour
 c - a +0 robe (worn)
 d - a +0 cloak (worn)
 u - a +0 pair of boots (worn)
Jewellery
 k - a +2 ring of intelligence (left hand)
 n - a ring of protection from magic (right hand)
 p - an uncursed ring of fire
Scrolls
 h - 2 scrolls of identify {unknown}
 i - a scroll of random uselessness {unknown}
 j - a scroll of fear {unknown}
 l - 3 scrolls of noise
 m - 2 scrolls of enchant weapon
 o - a scroll of enchant armour {unknown}
 q - 2 scrolls of remove curse {unknown}
 t - 2 scrolls of amnesia {unknown}
 v - a scroll of teleportation {unknown}
 w - a scroll of immolation {unknown}
 x - a scroll of fog {unknown}
Potions
 s - a potion of berserk rage {unknown}
Comestibles
 g - 3 rations
 z - 2 chunks of flesh


   Skills:
 + Level 2.2 Fighting
 + Level 2.9 Short Blades
 + Level 1.7 Throwing
 + Level 1.3 Dodging
 + Level 6.6 Stealth


You had 4 spell levels left.
You didn't know any spells.
Your spell library was empty.

Dungeon Overview and Level Annotations

Branches:
Dungeon (4/15)
 Temple: D:4-7

Altars:
Fedhas
Gozag
Kikubaaqudgha
Sif Muna
Trog
Uskayaw
Vehumet
Xom
Yredelemnul


Innate Abilities, Weirdness & Mutations

You have extremely sharp teeth.
Your natural rate of healing is unusually fast.
When hurt, damage is shared between your health and your magic reserves.
Your bite disrupts and absorbs the magic of your enemies.
Potions cannot restore your health.
You are immune to rotting.
You possess an exceptional clarity of mind.
You are covered in fur. (AC +1)
You are resistant to electric shocks. (rElec)


Message History

It was a potion of flight.
You feel very buoyant.
You fly up into the air.
* * * LOW HITPOINT WARNING * * *
You feel sick. The scorpion stings you.
* * * LOW HITPOINT WARNING * * *
Okay, then.
As you read the scroll labeled KOC MOHUMELINT, it crumbles to dust.
You hear a loud clanging noise!
It was a scroll of noise.
* * * LOW HITPOINT WARNING * * *
You feel sick.
You hear a shout!
The scorpion stings you but does no damage.
As you read the scroll labeled YKOESAMNOC, it crumbles to dust.
It is a scroll of enchant weapon.
Your +2 dagger glows red for a moment.
* * * LOW HITPOINT WARNING * * *
You feel sick. The scorpion stings you.
You die...

########.# #...._..))
.........# ##)......#
###.....##########...###
#.....##......######
#.....##..........
#.....##..........
#.....##.......$..
#....(##..........
#....@##oo........
+.....'s.h........
#.....##s.........
#.....##..........
#.....#####+######
#######


You could see 2 scorpions and a jackal.

Vanquished Creatures
  3 gnolls
  3 adders
  2 worms (D:4)
  2 dart slugs (D:1)
  2 leopard geckos
  5 orcs (D:3)
  6 bats
  2 bat zombies (D:2)
  2 giant cockroaches
  5 goblins
  5 hobgoblins
  2 jackals (D:2)
  2 ball pythons (D:2)
  A frilled lizard (D:1)
  A jackal skeleton (D:2)
  5 kobolds
  14 rats
  A rat zombie (D:2)
  A spectral orc (D:3)
64 creatures vanquished.

Notes
Turn   | Place    | Note
-------+----------+-------------------------------------------
     0 | D:1      | Kairos the Vine Stalker Assassin began the quest for the
                  | Orb.
     0 | D:1      | Reached XP level 1. HP: 11/11 MP: 2/2
     9 | D:1      | Reached skill level 5 in Stealth
    61 | D:1      | Reached XP level 2. HP: 15/15 MP: 3/3
   371 | D:1      | Reached XP level 3. HP: 16/18 MP: 4/4
   584 | D:2      | Reached skill level 6 in Stealth
   646 | D:2      | Gained mutation: You are covered in fur. (AC +1) [potion of
                  | mutation]
   646 | D:2      | Gained mutation: You are resistant to electric shocks.
                  | (rElec) [potion of mutation]
   646 | D:2      | Gained mutation: You possess an exceptional clarity of
                  | mind. [potion of mutation]
  1092 | D:2      | Found an opulent altar of Gozag.
  1253 | D:2      | Reached skill level 1 in Dodging
  1259 | D:2      | Found a deep blue altar of Sif Muna.
  1561 | D:2      | Found an ancient bone altar of Kikubaaqudgha.
  1621 | D:3      | Found a shimmering altar of Xom.
  1623 | D:3      | Found a shimmering altar of Xom.
  1623 | D:3      | Found a shimmering altar of Xom.
  1645 | D:3      | Found a radiant altar of Vehumet.
  1659 | D:3      | Gained mutation: Your natural rate of healing is unusually
                  | fast. [Vine Stalker growth]
  1659 | D:3      | Reached XP level 4. HP: 23/23 MP: 5/5
  1753 | D:3      | Noticed a +0 hand axe
  1753 | D:3      | Noticed a +0 hand axe
  1754 | D:3      | Found a hide-covered altar of Uskayaw.
  1767 | D:3      | Became a worshipper of Uskayaw the Reveler
  1787 | D:3      | Found a blossoming altar of Fedhas.
  1918 | D:3      | Reached * piety under Uskayaw
  1923 | D:3      | Reached ** piety under Uskayaw
  2274 | D:3      | Found a basalt altar of Yredelemnul.
  2350 | D:4      | Noticed a moth of wrath
  2353 | D:4      | Found a bloodstained altar of Trog.
  2576 | D:4      | Reached *** piety under Uskayaw
  2580 | D:4      | Reached **** piety under Uskayaw
  2581 | D:4      | Reached XP level 5. HP: 12/26 MP: 6/6
  2642 | D:4      | HP: 1/26 [poisoned by a scorpion]
  2643 | D:4      | Succumbed to a scorpion's poison

Skill      XL: |  1  2  3 |
---------------+----------+-----
Stealth        | 5 6 |  6.6
Short Blades   | 2 |  2.9
Fighting       | 2 |  2.2
Dodging        | 1 |  1.3
Throwing       | |  1.7

Action                   |  1- 3 |  4- 6 || total
-------------------------+-------+-------++-------
Melee: Dagger            |   113 |    80 ||   193
       Bite              |    24 |    25 ||    49
  Use: Potion            |     3 |     1 ||     4
       Scroll            |       |     2 ||     2
 Stab: Sleeping          |    13 |     3 ||    16
       Paralysed         |       |     2 ||     2
  Eat: Chunk             |     2 |     3 ||     5
Armor: Robe              |    40 |     8 ||    48
Dodge: Dodged            |    80 |    38 ||   118
